 Dungeon Crawl Stone Soup version 0.26-a0-412-ga3d1f51b (webtiles) character file.

Game seed: 15864399384898080206

22990 Illumine the Fighter (level 13, 0/140 HPs)
             Began as an Ogre Gladiator on July 23, 2020.
             Was a High Priest of Cheibriados.
             Succumbed to a wolf spider's poison
             ... on level 4 of the Lair of Beasts.
             The game lasted 00:44:30 (15265 turns).

Illumine the Fighter (Ogre Gladiator)              Turns: 15265, Time: 00:44:31

Health: 0/140      AC: 12    Str: 44    XL:     13   Next: 3%
Magic:  19/19      EV: 16    Int: 28    God:    Cheibriados [*****.]
Gold:   865        SH:  0    Dex: 24    Spells: 14/18 levels left

rFire    + . .     SeeInvis .   C - +0 giant spiked club
rCold    x . .     Faith    .   (shield currently unavailable)
rNeg     . . .     Spirit   .   F - +2 acid dragon scales
rPois    .         Reflect  .   c - +0 hat
rElec    .         Harm     .   v - +1 cloak
rCorr    +                      (gloves unavailable)
MR       +....                  (boots unavailable)
Stlth    ++........             y - amulet of regeneration
HPRegen  0.73/turn              I - +6 ring of strength
MPRegen  0.16/turn              H - ring "Xainum" {Fire Int+4}

@: mighty, lethally poisoned (0 -> -6), very slow
A: large, unfitting armour, tough skin 1
a: Bend Time, Temporal Distortion, Slouch, Step From Time, Renounce Religion


You were on level 4 of the Lair of Beasts.
You worshipped Cheibriados.
Cheibriados was extremely pleased with you.
You visited 3 branches of the dungeon, and saw 14 of its levels.
You also visited: Gauntlet.

You collected 865 gold pieces.

Inventory:

Hand Weapons
 a - a +1 mace of holy wrath
 z - a +0 dire flail
 C - a +0 giant spiked club (weapon)
 E - a +0 giant spiked club
Missiles
 b - 4 javelins
 f - 272 stones (quivered)
 j - 17 silver javelins
 s - a throwing net
 t - 8 poisoned darts
Armour
 c - a +0 hat (worn)
 v - a +1 cloak (worn)
 w - a +0 robe of magic resistance
 F - +2 acid dragon scales (worn)
Jewellery
 d - an uncursed ring of flight
 y - an amulet of regeneration (around neck)
 B - a +4 ring of protection
 H - the ring "Xainum" (right hand) {Fire Int+4}
   (You found it in a Gauntlet)

   [ring of fire]

   It enhances your fire magic.
   It affects your intelligence (+4).
   It protects you from fire.
   It makes you vulnerable to cold.
 I - a +6 ring of strength (left hand)
 K - an uncursed ring of fire
Wands
 n - a wand of flame (14)
 p - a wand of random effects (12)
 r - a wand of iceblast (18)
 x - a wand of paralysis (5)
 A - a wand of polymorph (10)
 D - a wand of enslavement (11)
 L - a wand of digging (4)
 O - a wand of acid (6)
 S - a wand of clouds (5)
Scrolls
 e - 4 scrolls of amnesia
 h - 4 scrolls of teleportation
 i - 3 scrolls of remove curse
 l - 2 scrolls of fog
 m - a scroll of identify
 u - a scroll of magic mapping
 N - 2 scrolls of blinking
 P - a scroll of silence
 Q - a scroll of enchant armour
Potions
 k - a potion of brilliance
 o - 3 potions of flight
 q - a potion of stabbing
Miscellaneous
 G - a phantom mirror
 J - a tin of tremorstones (3/3)
 M - a tin of tremorstones (3/3)


   Skills:
 + Level 12.1 Fighting
 * Level 11.9 Maces & Flails
 + Level 7.4 Throwing
 + Level 3.9 Armour
 + Level 7.3 Dodging
 + Level 3.2 Spellcasting
 + Level 0.4 Summonings
 + Level 0.6 Air Magic
 + Level 8.6 Invocations
 + Level 2.5 Evocations


You had 14 spell levels left.
You knew the following spells:

 Your Spells              Type           Power        Failure   Level
a - Summon Lightning Spi  Summ/Air       #.......     56%         4

Your spell library contained the following spells:

 Spells                   Type           Power        Failure   Level
 Shock                    Conj/Air       #...         8%          1
 Summon Small Mammal      Summ           #...         8%          1
 Call Imp                 Summ           #.......     11%         2
 Swiftness                Air            #.......     11%         2
 Call Canine Familiar     Summ           #.......     22%         3
 Static Discharge         Conj/Air       #.......     24%         3
 Summon Guardian Golem    Hex/Summ       #.......     24%         3
 Airstrike                Air            #.........   56%         4
 Summon Ice Beast         Ice/Summ       #.......     63%         4
 Lightning Bolt           Conj/Air       #.........   91%         5


Dungeon Overview and Level Annotations

Branches:
Dungeon (9/15)             Temple (1/1) D:5            Lair (4/6) D:8
 Shoals (0/4) Lair:2      Gauntlet (visited)
  Snake: Lair:2-4    Spider: Lair:2-4       Orc: D:9-12

Altars:
Ashenzari
Cheibriados
Dithmenos
Elyvilon
Fedhas
Gozag
Hepliaklqana
Kikubaaqudgha
Makhleb
Nemelex Xobeh
Okawaru
Qazlal
Ru
Sif Muna
Trog
Uskayaw
Vehumet
Wu Jian
Xom
Yredelemnul
Zin
The Shining One

Annotations:
D:4 treasures


Innate Abilities, Weirdness & Mutations

You are too large for most types of armour.
You have tough skin. (AC +1)


Message History

You feel sick.
There is a stone staircase leading down here.
You climb downwards.
* * * LOW HITPOINT WARNING * * *
You feel sick.
There is a stone staircase leading up here.
What are your orders? t - Shout!
Orders for allies: a - Attack new target. r - Retreat! s - Stop attacking. g - Guard the area. f - Follow me.
Anything else - Cancel.
You shout for attention!
* * * LOW HITPOINT WARNING * * *
You feel sick.
You hear an angry hiss.
There is a stone staircase leading up here.
Unknown command.
There is a stone staircase leading up here.
You die...

..........##### #.^^##....#
...........#PP### #........#
#.............#.###).......#
#...(..#P.........†......†.#
#.....####.##.....(.......##
.......# ###.....†........##
#..P####
#................... .....#
##............P##....#
..#### ##......@...#.###
##P.. P..### #............##
... #..#.# #..............#
.. ##..#####..............#
#...##P...............#
##P....................#
#.......................#
......................).#
........#.#............


There were no monsters in sight!

Vanquished Creatures
  A minotaur (Gauntlet)
  A hydra (D:8)
  6 death yaks (Lair:3)
  Urug (Lair:3)
  Pikel (D:7)
  2 wolf spiders (Lair:4)
  2 oklob plants
  Maurice (D:9)
  Psyche (D:9)
  A black mamba (Lair:2)
  3 cane toads
  Maggie (D:9)
  2 rime drakes
  4 komodo dragons
  3 meliai (Gauntlet)
  A wolf spider simulacrum (Gauntlet)
  A hippogriff (Lair:1)
  A vampire (D:9)
  A centaur simulacrum (Gauntlet)
  Grum (D:8)
  25 yaks
  An acid dragon (Gauntlet)
  5 porcupines
  6 water moccasins
  5 black bears
  A sky beast (D:9)
  3 ice beasts
  3 phantoms
  3 orc warriors
  3 ogres
  4 centaurs
  7 wolves
  2 lemures (D:6)
  7 crocodiles
  11 bullfrogs
  A big kobold (D:9)
  A gnoll sergeant (D:5)
  A wyvern skeleton (D:9)
  7 scorpions
  2 howler monkeys
  3 electric eels
  A quasit (D:7)
  2 bullfrog zombies
  6 hounds
  4 orc priests
  2 jellies
  4 worker ants
  An iguana (D:5)
  7 orc wizards
  2 hound skeletons
  A howler monkey zombie (D:7)
  A howler monkey skeleton (D:4)
  12 gnolls
  4 adders
  A shadow imp (D:8)
  5 white imps
  2 ufetubi
  2 adder skeletons
  5 worms
  A dart slug (D:3)
  4 leopard geckos
  34 orcs
  2 ball pythons
  9 bats
  4 giant cockroaches
  5 goblins
  4 hobgoblins
  3 jackals (D:3)
  10 kobolds
  A quokka (D:2)
  5 frilled lizards
  A giant cockroach zombie (D:6)
  2 jackal skeletons
  A quokka skeleton (D:6)
  9 rats
  A bush (Lair:2)
294 creatures vanquished.

Vanquished Creatures (others)
  10 demonic plants (Gauntlet)
  15 fungi
  A plant (D:8)
26 creatures vanquished.

Grand Total: 320 creatures vanquished

Notes
Turn   | Place    | Note
-------+----------+-------------------------------------------
     0 | D:1      | Illumine the Ogre Gladiator began the quest for the Orb.
     0 | D:1      | Reached XP level 1. HP: 22/22 MP: 1/1
   109 | D:1      | Reached XP level 2. HP: 16/29 MP: 2/2
   399 | D:1      | Reached skill level 3 in Fighting
   737 | D:1      | Reached XP level 3. HP: 37/37 MP: 3/3
  1633 | D:2      | Reached XP level 4. HP: 43/45 MP: 4/4
  3646 | D:4      | Reached XP level 5. HP: 53/54 MP: 5/5
  3697 | D:4      | Found a shattered altar of Ashenzari.
  3741 | D:4      | Reached skill level 4 in Fighting
  3812 | D:4      | Noticed an ogre
  3833 | D:4      | Killed an ogre
  3833 | D:4      | Reached XP level 6. HP: 59/63 MP: 6/6
  4758 | D:4      | Noticed a phantom
  4795 | D:4      | Killed a phantom
  4795 | D:4      | Reached skill level 5 in Fighting
  4795 | D:4      | Reached skill level 5 in Maces & Flails
  4795 | D:4      | Reached XP level 7. HP: 37/72 MP: 7/7
  5077 | D:5      | Entered Level 5 of the Dungeon
  5675 | D:5      | Reached skill level 6 in Fighting
  5922 | D:5      | Found a staircase to the Ecumenical Temple.
  5961 | D:5      | Reached XP level 8. HP: 50/84 MP: 8/8
  6231 | Temple   | Entered the Ecumenical Temple
  6329 | Temple   | Became a worshipper of Cheibriados the Contemplative
  6669 | D:5      | Found an ornate altar of the Wu Jian Council.
  6763 | D:5      | Found a blossoming altar of Fedhas.
  6879 | D:5      | Reached skill level 7 in Fighting
  7373 | D:6      | Reached * piety under Cheibriados
  7409 | D:6      | Reached skill level 1 in Invocations
  7671 | D:6      | Found a shimmering altar of Xom.
  7671 | D:6      | Found a faded altar of an unknown god.
  7682 | D:6      | Found a sacrificial altar of Ru.
  7684 | D:6      | Found a burning altar of Makhleb.
  7685 | D:6      | Found a faded altar of an unknown god.
  7968 | D:7      | Noticed Pikel
  7983 | D:6      | Reached XP level 9. HP: 41/96 MP: 7/11
  8201 | D:7      | Killed Pikel
  8201 | D:7      | Reached skill level 8 in Fighting
  8367 | D:7      | Found an opulent altar of Gozag.
  8728 | D:8      | Reached ** piety under Cheibriados
  8773 | D:8      | Reached skill level 9 in Fighting
  8898 | D:8      | Found a staircase to the Lair.
  9025 | D:8      | Reached skill level 5 in Invocations
  9042 | D:8      | Reached XP level 10. HP: 102/107 MP: 13/13
  9064 | D:8      | HP: 5/107 [electric eel/bolt of electricity (9)]
  9065 | D:8      | Noticed Grum
  9066 | D:8      | Found an iron altar of Okawaru.
  9448 | D:8      | Killed Grum
  9484 | D:8      | Reached *** piety under Cheibriados
 10162 | D:9      | Reached skill level 5 in Dodging
 10199 | D:9      | Reached skill level 10 in Fighting
 10213 | D:9      | Reached skill level 5 in Throwing
 10447 | D:9      | Noticed Maurice
 10466 | D:9      | Killed Maurice
 10554 | D:9      | Reached skill level 10 in Maces & Flails
 10646 | D:9      | Found an ancient bone altar of Kikubaaqudgha.
 10825 | D:9      | Reached **** piety under Cheibriados
 10867 | D:9      | Noticed Maggie
 10881 | D:9      | Killed Maggie
 10881 | D:9      | Reached XP level 11. HP: 82/119 MP: 11/15
 11062 | D:9      | Noticed Psyche
 11085 | D:9      | Killed Psyche
 11430 | Lair:1   | Entered Level 1 of the Lair of Beasts
 11431 | Lair:1   | Noticed an eight-headed hydra
 11437 | D:8      | Killed an eight-headed hydra
 11437 | D:8      | Reached skill level 1 in Armour
 11934 | Lair:1   | Reached skill level 1 in Spellcasting
 12114 | Lair:2   | Reached skill level 11 in Fighting
 12149 | Lair:2   | Found a gate leading to a gauntlet.
 12163 | Gauntlet | Entered a Gauntlet
 12163 | Gauntlet | Found a transporter.
 12163 | Gauntlet | Found a transporter.
 12211 | Gauntlet | Found a transporter.
 12218 | Gauntlet | Found a transporter.
 12219 | Gauntlet | Noticed an oklob plant
 12235 | Gauntlet | Noticed a large abomination
 12236 | Gauntlet | Noticed a cacodemon
 12237 | Gauntlet | Found a transporter.
 12244 | Gauntlet | Noticed a thrashing horror
 12247 | Gauntlet | Found a transporter.
 12247 | Gauntlet | Found a transporter.
 12250 | Gauntlet | Found a transporter.
 12274 | Gauntlet | Found a transporter.
 12288 | Gauntlet | Found a transporter.
 12292 | Gauntlet | Noticed a catoblepas
 12310 | Gauntlet | Found a transporter.
 12323 | Gauntlet | Found a transporter.
 12338 | Gauntlet | Noticed a fire crab
 12343 | Gauntlet | Found a transporter.
 12350 | Gauntlet | Found a transporter.
 12441 | Gauntlet | Found a transporter.
 12456 | Gauntlet | Found a transporter.
 12577 | Gauntlet | Killed an oklob plant
 12804 | Gauntlet | Got a translucent wooden ring
 12808 | Gauntlet | Identified the ring "Xainum" {Fire Int+4} (You found it in
                  | a Gauntlet)
 12845 | Gauntlet | Noticed a minotaur
 12855 | Gauntlet | Killed a minotaur
 12855 | Gauntlet | Reached ***** piety under Cheibriados
 13050 | Lair:2   | Noticed an oklob plant
 13104 | Lair:2   | Reached XP level 12. HP: 130/130 MP: 17/17
 13629 | Lair:2   | Found a staircase to the Shoals.
 13994 | Lair:3   | Reached skill level 1 in Evocations
 14076 | Lair:3   | Noticed a death yak
 14183 | Lair:3   | Noticed Urug
 14481 | Lair:3   | Noticed a death yak
 14481 | Lair:3   | Noticed a death yak
 14481 | Lair:3   | Noticed a death yak
 14484 | Lair:3   | Noticed a death yak
 14486 | Lair:3   | Noticed a death yak
 14496 | Lair:3   | Killed a death yak
 14501 | Lair:3   | Killed a death yak
 14506 | Lair:3   | Killed a death yak
 14511 | Lair:3   | Killed a death yak
 14514 | Lair:3   | Killed a death yak
 14517 | Lair:3   | Killed a death yak
 14517 | Lair:3   | Reached skill level 12 in Fighting
 14652 | Lair:3   | Killed Urug
 14899 | Lair:3   | Learned a level 4 spell: Summon Lightning Spire
 15227 | Lair:4   | Reached XP level 13. HP: 120/140 MP: 19/19
 15259 | Lair:3   | HP: 7/140 [poisoned by a wolf spider]
 15262 | Lair:3   | HP: 3/140 [poisoned by a wolf spider]
 15264 | Lair:4   | HP: 1/140 [poisoned by a wolf spider]
 15265 | Lair:4   | Succumbed to a wolf spider's poison

Illustrated notes

Levels and vault maps discovered:
D:1:      dpeg_arrival_three_same_balls, layout_loops_ring,
          kennysheep_crisscross, bh_walls_and_bars
D:2:      layout_loops_ring, minmay_small_reverse_x
D:3:      layout_basic
D:4:      layout_loops_ring, nicolae_overflow_hidden_temple, due_unseen_surprise
D:5:      layout_basic, old_standard_altar, marbit_many_paths,
          minmay_temple_entry_gardened_gates, kennysheep_cluttered_room
D:6:      layout_cave_pools, chequers_temple_overflow_minitemple
D:7:      layout_rooms, kennysheep_mini, uniq_pikel
D:8:      layout_rooms, okawaru_metal_pillars_3, due_lair_maze_entry_diamond,
          minivault_4, uniq_grum
D:9:      layout_irregular_city, kiku_gazebo_pond_becter,
          chequers_serial_rivers_micro_b, uniq_maurice, uniq_maggie, uniq_psyche
Temple:   dshaligram_water_room_temple
Lair:1:   layout_long_grid, nicolae_quartered_pool_super
Lair:2:   layout_misc_corridors, elwin_shoals_entry_rooms,
          gauntlet_entry_generic, minmay_lair_oklob_bushes
Lair:3:   layout_cave_pods, uniq_urug
Lair:4:   layout_cave_pods, spider_nest_entry_funnel_web

Skill      XL: |  1  2  3  4  5  6  7  8  9 10 11 12 |
---------------+-------------------------------------+-----
Fighting       | 3 4 5 6 7 9 10 11 12 | 12.1
Maces & Flails | 3 4 5 6 7 9 10 11 | 11.9
Dodging        | 3 4 5 6 7 |  7.3
Throwing       | 3 5 6 7 |  7.4
Invocations    | 2 5 6 7 8 |  8.6
Armour         | 2 3 |  3.9
Spellcasting   | 2 3 |  3.2
Evocations     | 2 |  2.5
Summonings     | |  0.4
Air Magic      | |  0.6

Action                   |  1- 3 |  4- 6 |  7- 9 | 10-12 | 13-15 || total
-------------------------+-------+-------+-------+-------+-------++-------
Melee: Flail             |    82 |   103 |       |       |       ||   185
       Giant club        |       |    40 |   230 |   138 |       ||   408
       Giant spiked club |       |       |       |   249 |     8 ||   257
Throw: Stone             |    52 |    67 |    48 |   174 |     1 ||   342
       Throwing net      |     1 |     1 |     2 |     1 |       ||     5
       Dart              |       |     8 |       |     7 |       ||    15
       Boomerang         |       |       |    91 |       |       ||    91
       Javelin           |       |       |       |     5 |       ||     5
Invok: Bend Time         |       |       |     2 |       |       ||     2
       Temporal Distorti |       |       |       |     2 |       ||     2
Evoke: Wand              |       |       |       |     3 |       ||     3
  Use: Potion            |     3 |       |     4 |     8 |     2 ||    17
       Scroll            |       |     9 |     5 |    10 |     2 ||    26
 Stab: Sleeping          |     3 |     2 |       |       |       ||     5
       Invisible         |       |       |       |     4 |       ||     4
Armor: Robe              |    40 |    24 |    58 |    42 |       ||   164
       Skin              |       |       |    15 |    38 |       ||    53
       Acid dragon scale |       |       |       |    93 |     8 ||   101
Dodge: Dodged            |    50 |    72 |   144 |   326 |     7 ||   599

Table legend: (Time is in decaauts)
 A = Elapsed time spent in this place.
 B = Non-inter-level travel time spent in this place.
 C = Inter-level travel time spent in this place.
 D = Time resting spent in this place.
 E = Time spent auto-exploring this place.
 F = Levels seen in this place.
 G = Mean time per level.
                   A        B        C        D        E       F      G
               +--------+--------+--------+--------+--------+-----+--------+
         Total |  18629 |  17989 |    640 |   4493 |   9309 |  15 | 1241.9 |
       Dungeon |  12837 |  12285 |    552 |   3617 |   6266 |   9 | 1426.3 |
        Temple |    110 |     87 |     23 |      0 |     69 |   1 |  110.0 |
          Lair |   4488 |   4424 |     64 |    600 |   2825 |   4 | 1122.0 |
      Gauntlet |   1192 |   1192 |      0 |    276 |    148 |   1 | 1192.0 |
               +--------+--------+--------+--------+--------+-----+--------+

Top non-repeatable levels by time:
     D:5: 2108 daAuts
     D:9: 2038 daAuts
  Lair:3: 1901 daAuts
     D:4: 1581 daAuts
     D:8: 1557 daAuts
  Lair:2: 1442 daAuts
     D:3: 1353 daAuts
     D:2: 1242 daAuts
Gauntlet: 1192 daAuts
     D:1: 1043 daAuts
     D:6: 1006 daAuts
  Lair:1: 960 daAuts
     D:7: 907 daAuts
  Lair:4: 183 daAuts
  Temple: 110 daAuts
